 Dungeon Crawl Stone Soup version 0.25.0-65-g31bcc41 (webtiles) character file.

43351 Dorkslayer the Carver (level 14, -10/88 HPs)
             Began as a Gargoyle Fighter on Nov 10, 2020.
             Was the Champion of Okawaru.
             Mangled by a shadow (19 damage)
             ... on level 3 of the Dungeon.
             The game lasted 00:16:43 (2869 turns).

Dorkslayer the Carver (Gargoyle Fighter)            Turns: 2869, Time: 00:16:43

Health: -10/88     AC: 32    Str: 24    XL:     14   Next: 23%
Magic:  21/21      EV: 12    Int: 10    God:    Okawaru [******]
Gold:   319        SH: 13    Dex:  9    Spells: 13/13 levels left

rFire    . . .     SeeInvis .   a - +2 long sword
rCold    + . .     Gourm    .   c - +1 shield
rNeg     + . .     Faith    +   t - +0 plate armour {rC+}
rPois    ∞         Spirit   .   (no helmet)
rElec    +         Reflect  .   e - +0 cloak
rCorr    .         Harm     .   h - +0 pair of gloves
MR       +....                  k - +2 pair of boots
Stlth    ..........             q - amulet of faith
HPRegen  0.24/turn              n - ring of stealth
MPRegen  0.17/turn              b - +3 ring of evasion

@: very slightly contaminated, invisible
A: big wings, blurry vision 1, negative energy resistance 1, shaggy fur 1,
electricity resistance, unbreathing, petrification resistance, rot immunity,
subdued magic 1, sturdy frame 1, AC +10
a: Fly, Heroism, Finesse, Renounce Religion


You were on level 3 of the Dungeon.
You worshipped Okawaru.
Okawaru was exalted by your worship.
You were not hungry.

You visited 2 branches of the dungeon, and saw 4 of its levels.

You collected 319 gold pieces.

Inventory:

Hand Weapons
 a - a +2 long sword (weapon)
Missiles
 j - 6 silver tomahawks
 o - 2 tomahawks (quivered)
Armour
 c - a +1 shield (worn)
 e - a +0 cloak (worn)
 h - a +0 pair of gloves (worn)
 k - a +2 pair of boots (worn)
 t - a +0 plate armour of cold resistance (worn)
Jewellery
 b - a +3 ring of evasion (right hand)
 n - a ring of stealth (left hand)
 q - an amulet of faith (around neck)
Wands
 u - a wand of digging (5)
Scrolls
 d - a scroll of magic mapping
 l - a scroll of teleportation
 m - 5 scrolls of remove curse
 p - 6 scrolls of fear
Comestibles
 f - 7 rations
 g - 9 chunks of flesh


   Skills:
 + Level 10.8 Fighting
 + Level 12.5 Long Blades
 + Level 1.6 Throwing
 + Level 10.1 Armour
 + Level 4.3 Dodging
 + Level 0.9 Stealth
 + Level 11.8 Shields
 * Level 9.3 Invocations
 * Level 5.2 Evocations


You had 13 spell levels left.
You didn't know any spells.
Your spell library contained the following spells:

 Spells                   Type           Power        Failure   Level  Hunger
 Shock                    Conj/Air       #...         98%         1    ##.....
 Swiftness                Chrm/Air       #.......     99%         2    ###....
 Static Discharge         Conj/Air       #.......     100%        3    ####...
 Airstrike                Air            #.........   100%        4    #####..
 Lightning Bolt           Conj/Air       #.........   100%        5    ######.


Dungeon Overview and Level Annotations

Branches:
Dungeon (3/3)              Temple (1/1) D:1           Swamp (0/1) D:2
 Spider (0/1) D:3           Slime (0/1) D:2             Orc (0/1) D:2
 Vaults: D:2-3       Depths: D:3

Altars:
Ashenzari
Cheibriados
Dithmenos
Elyvilon
Fedhas
Gozag
Hepliaklqana
Kikubaaqudgha
Makhleb
Nemelex Xobeh
Okawaru
Qazlal
Ru
Sif Muna
Uskayaw
Vehumet
Wu Jian
Xom
Yredelemnul
Zin
The Shining One
Jiyva


Innate Abilities, Weirdness & Mutations

You are resistant to torment.
Your stone body is resilient. (AC +10)
You are immune to poison.
Your large and strong wings let you fly indefinitely.
You resist negative energy. (rN+)
You are resistant to electric shocks. (rElec)
You can survive without breathing.
You are immune to petrification.
You are immune to rotting.
Scrolls take you a little longer to read.
You are covered in fur. (AC +1)
Your spells are a little easier to cast, but a little less powerful.
Your movements are slightly less encumbered by armour. (ER -2)


Message History

You hit the cyclops.
The cyclops is moderately wounded.
The cyclops shouts!
The shadow slips into darkness.
The shadow flickers and vanishes!
Deactivating autopickup; reactivate with Ctrl-A.
You slash the cyclops!
The cyclops is heavily wounded.
The cyclops shouts!
You block the cyclops's attack.
You catch the helpless cyclops completely off-guard!
You hit the cyclops.
The cyclops is heavily wounded.
The shadow strikes at you from the darkness!
The cyclops hits you.
* * * LOW HITPOINT WARNING * * *
You hit the cyclops.
The cyclops is severely wounded.
The shadow strikes at you from the darkness!
You die...

..........####
#.#
.#####..(.#
#.# ##.#.# #.#
#.#.# ..#
#.#.## ###
##.$..#
####.....###
#..{(.......#
#.##@##.....#
# #C# ###..#
#.# ..# ./C .#
.!. # .....
..... .......


You could see 2 cyclopes.

Vanquished Creatures
  Nessos (D:3)
  A centaur warrior (D:3)
  A two-headed ogre (D:3)
  An unseen horror (D:3)
  2 cyclopes
  A manticore (D:3)
  2 ugly things
  A centaur zombie (D:2)
  2 centaur skeletons (D:2)
  A jumping spider (D:3)
  A troll (D:2)
  A shadow (D:2)
  8 humans (D:3)
  2 wargs (D:2)
  An ice beast (D:1)
  2 phantoms
  An eye of draining (D:2)
  An ogre (D:1)
  A centaur (D:1)
  A gnoll sergeant (D:1)
  A bullfrog (D:2)
  A crimson imp (D:1)
  A quasit (D:2)
  3 orc priests (D:1)
  A bullfrog skeleton (D:1)
  An iguana (D:1)
  4 orc wizards (D:1)
  A worker ant (D:2)
  5 gnolls (D:1)
  An adder (D:1)
  An adder skeleton (D:1)
  4 orcs
56 creatures vanquished.

Vanquished Creatures (others)
  A shadow (D:3)
  A centaur simulacrum (D:3)
  A human (D:3)
  A vampire mosquito (D:3)
  2 fungi (D:3)
6 creatures vanquished.

Grand Total: 62 creatures vanquished

Notes
Turn   | Place    | Note
-------+----------+-------------------------------------------
     0 | D:1      | Dorkslayer the Gargoyle Fighter began the quest for the
                  | Orb.
     0 | D:1      | Reached XP level 1. HP: 14/14 MP: 1/1
    12 | D:1      | Found a staircase to the Ecumenical Temple.
    19 | Temple   | Entered the Ecumenical Temple
    87 | Temple   | Became a worshipper of Warmaster Okawaru
   121 | D:1      | Reached * piety under Okawaru
   121 | D:1      | Reached skill level 2 in Long Blades
   121 | D:1      | Reached XP level 2. HP: 20/20 MP: 2/2
   121 | D:1      | Reached XP level 3. HP: 24/24 MP: 3/3
   142 | D:1      | Noticed an ogre
   148 | D:1      | Killed an ogre
   148 | D:1      | Reached ** piety under Okawaru
   148 | D:1      | Reached skill level 5 in Fighting
   148 | D:1      | Reached skill level 5 in Armour
   148 | D:1      | Reached skill level 5 in Shields
   148 | D:1      | Reached XP level 4. HP: 17/31 MP: 4/4
   148 | D:1      | Reached XP level 5. HP: 19/35 MP: 5/5
   148 | D:1      | Reached XP level 6. HP: 22/40 MP: 6/6
   148 | D:1      | Reached XP level 7. HP: 24/44 MP: 7/7
   309 | D:1      | Reached skill level 3 in Long Blades
   317 | D:1      | Found a deep blue altar of Sif Muna.
   317 | D:1      | Found a burning altar of Makhleb.
   369 | D:1      | Found a shadowy altar of Dithmenos.
   424 | D:1      | Reached skill level 4 in Long Blades
   424 | D:1      | Reached skill level 1 in Dodging
   424 | D:1      | Reached XP level 8. HP: 51/51 MP: 8/8
   446 | D:1      | Reached *** piety under Okawaru
   490 | D:1      | Gained mutation: Your movements are slightly less
                  | encumbered by armour. (ER -2) [potion of mutation]
   490 | D:1      | Gained mutation: Your spells are a little easier to cast,
                  | but a little less powerful. [potion of mutation]
   490 | D:1      | Gained mutation: Scrolls take you a little longer to read.
                  | [potion of mutation]
   490 | D:1      | Gained mutation: You are covered in fur. (AC +1) [potion of
                  | mutation]
   539 | D:1      | Reached XP level 9. HP: 56/56 MP: 9/9
   546 | D:1      | Reached skill level 5 in Long Blades
   584 | D:1      | Reached **** piety under Okawaru
   607 | D:1      | Reached skill level 6 in Long Blades
   902 | D:1      | Reached XP level 10. HP: 52/63 MP: 10/10
  1268 | D:1      | Found a radiant altar of Vehumet.
  1290 | D:1      | Reached ***** piety under Okawaru
  1290 | D:1      | Reached skill level 7 in Long Blades
  1448 | D:2      | Found a staircase to the Orcish Mines.
  1464 | D:2      | Reached skill level 1 in Invocations
  1524 | D:2      | Found a staircase to the Slime Pits.
  1524 | D:2      | Found a viscous altar of Jiyva.
  1620 | D:2      | Received a gift from Okawaru
  1620 | D:2      | Reached skill level 8 in Long Blades
  1674 | D:2      | Noticed a white ugly thing
  1707 | D:2      | Killed a white ugly thing
  1707 | D:2      | Reached XP level 11. HP: 69/69 MP: 12/14
  1754 | D:2      | Noticed a cyclops
  1766 | D:2      | Killed a cyclops
  1766 | D:2      | Reached skill level 9 in Long Blades
  1776 | D:2      | Reached ****** piety under Okawaru
  1776 | D:2      | Received a gift from Okawaru
  1776 | D:2      | Reached skill level 5 in Invocations
  2006 | D:2      | Received a gift from Okawaru
  2006 | D:2      | Reached skill level 10 in Long Blades
  2033 | D:2      | Reached skill level 10 in Shields
  2073 | D:2      | Reached XP level 12. HP: 76/76 MP: 9/16
  2176 | D:2      | Noticed an eight-headed hydra
  2292 | D:2      | Received a gift from Okawaru
  2293 | D:2      | Got a faintly glowing hand crossbow {god gift}
  2294 | D:2      | Identified the +6 hand crossbow of Karma {velocity, +Blink
                  | rC- MR+ Str+2} (Okawaru gifted it to you on level 2 of the
                  | Dungeon)
  2379 | D:3      | Entered Level 3 of the Dungeon
  2426 | D:3      | Noticed Nessos
  2441 | D:3      | Reached skill level 11 in Long Blades
  2455 | D:3      | Reached skill level 1 in Evocations
  2506 | D:3      | Reached XP level 13. HP: 59/82 MP: 9/18
  2508 | D:3      | Noticed a storm dragon
  2519 | D:3      | Reached skill level 10 in Fighting
  2537 | D:3      | Killed Nessos
  2537 | D:3      | Received a gift from Okawaru
  2538 | D:3      | Got a brightly glowing ring mail {god gift}
  2597 | D:3      | Found a hole to the Spider Nest.
  2736 | D:3      | Received a gift from Okawaru
  2736 | D:3      | Reached skill level 12 in Long Blades
  2773 | D:3      | Reached skill level 1 in Throwing
  2807 | D:3      | Reached skill level 10 in Armour
  2807 | D:3      | Reached skill level 5 in Evocations
  2807 | D:3      | Gained mutation: Your large and strong wings let you fly
                  | indefinitely. [Gargoyle growth]
  2807 | D:3      | Reached XP level 14. HP: 24/88 MP: 14/20
  2869 | D:3      | Mangled by a shadow

Skill      XL: |  1  2  3  4  5  6  7  8  9 10 11 12 13 |
---------------+----------------------------------------+-----
Long Blades    | 2 4 6 8 10 11 12 | 12.5
Fighting       | 5 6 7 8 9 10 | 10.8
Armour         | 5 6 7 8 9 10 | 10.1
Shields        | 5 6 7 9 10 11 | 11.8
Dodging        | 1 2 3 4 |  4.3
Invocations    | 4 6 7 9 |  9.3
Evocations     | 2 5 |  5.2
Throwing       | 1 |  1.6
Stealth        | |  0.9

Action                   |  1- 3 |  4- 6 |  7- 9 | 10-12 | 13-15 || total
-------------------------+-------+-------+-------+-------+-------++-------
Melee: Long sword        |     6 |       |   201 |   218 |   140 ||   565
Throw: Tomahawk          |       |       |       |     2 |     8 ||    10
Invok: Heroism           |       |       |       |     2 |     2 ||     4
       Finesse           |       |       |       |     2 |     2 ||     4
  Use: Potion            |     1 |       |     5 |       |     6 ||    12
       Scroll            |       |       |     4 |    10 |     2 ||    16
 Stab: Invisible         |       |       |       |       |     2 ||     2
  Eat: Chunk             |       |       |       |     3 |       ||     3
       Ration            |       |       |       |     1 |     1 ||     2
Armor: Scale mail        |     1 |       |   113 |    20 |       ||   134
       Skin              |       |       |    12 |       |       ||    12
       Plate armour      |       |       |       |    66 |   136 ||   202
Dodge: Dodged            |     3 |       |    61 |    58 |    48 ||   170
Block: Shield            |     2 |       |    90 |   112 |    84 ||   288
       Rpst.: Long sword |       |       |    10 |    13 |     5 ||    28
